Map: Dusk Towers

Players

LilDicky

  • Race: Terran Terran
  • League: Diamond

Axeltoss - Winner!

  • Race: Protoss Protoss
  • League: Diamond

VOD

http://www.twitch.tv/tumescentpie

Description

Time

  • Played on: Dec. 3, 2015, 10:48 a.m.
  • Length: 8:48
Show
View Real Time Build Order
Export as new Build Order

LilDicky Terran 

Build Orders: MMM Bio 

Get SALT Encoding   

  12  0:01  SCV  
  13  0:13  SCV  
  14  0:18  Supply Depot  
  14  0:25  SCV  
  15  0:31  Refinery  
  15  0:40  SCV  
  16  0:45  Barracks  
  16  0:52  SCV  
  17  1:04  SCV  
  18  1:16  SCV  
  19  1:28  SCV  
  21  1:40  Marine  
  22  1:47  Orbital Command  
  22  1:50  Factory  
  21  1:58  Supply Depot, Marine  
  22  2:06  Refinery  
  22  2:19  Barracks x2  
  22  2:26  SCV  
  22  2:27  Barracks Reactor  
  22  2:29  Supply Depot  
  23  2:42  SCV  
  23  2:51  Widow Mine  
  23  2:55  SCV  
  26  3:05  Barracks Tech Lab x2  
  26  3:06  Marine x2  
  26  3:07  SCV  
  29  3:19  SCV  
  28  3:36  SCV  
  28  3:38  Marine x2  
  28  3:39  Command Center  
  28  3:40  Combat Shields, Stimpack  
  28  3:41  Marine  
  32  3:50  SCV  
  32  3:51  Marine  
  34  3:56  Marine  
  36  4:02  SCV  
  36  4:06  Marine x2  
  36  4:08  Marine  
  39  4:15  Starport  
  39  4:30  Supply Depot  
  39  4:51  Marauder x2, SCV, Orbital Command, Marine x2  
  46  4:54  Medivac  
  46  4:57  Barracks  
  48  5:00  Barracks  
  48  5:03  SCV  
  49  5:07  Concussive Shells  
  49  5:08  Marine x2  
  49  5:13  Marine  
  52  5:15  SCV  
  52  5:20  SCV  
  54  5:22  Marine  
  54  5:26  Marine x2  
  59  5:38  Widow Mine  
  59  5:39  Marine  
  59  5:41  Starport Reactor, Marine  
  61  5:44  Supply Depot  
  61  5:46  Barracks Reactor  
  57  5:53  Barracks Reactor  
  54  5:58  Marauder  
  54  5:59  Marauder  
  47  6:42  Marauder, Marine  
  47  6:43  Marauder  
  51  6:51  Marine  
  52  6:55  Widow Mine  
  52  6:56  Medivac  
  52  6:57  SCV  
  57  7:04  Marauder x2  
  53  7:20  Marine  
  53  7:21  Marine x2  
  43  7:32  Marine x2  
  43  7:42  SCV x2  
  45  7:51  Marine x2  
  46  7:52  Marauder, Marine  
  46  7:54  SCV  
  46  7:56  SCV  
  52  7:59  Marine x2  
  54  8:06  SCV  
  54  8:07  Marine  
  54  8:08  Marauder  
  54  8:09  Medivac  
  54  8:10  Marine  
  61  8:13  Marine x2  
  63  8:23  Marine x3  
  63  8:25  Marine  
  65  8:28  Marine  
Show
View Real Time Build Order
Export as new Build Order

Axeltoss Protoss - Winner!

Build Orders: 1 Gate Expand 

Get SALT Encoding   

  12  0:01  Probe (Chrono Boost)  
  13  0:11  Probe (Chrono Boost)  
  14  0:18  Pylon  
  14  0:23  Probe (Chrono Boost)  
  15  0:37  Probe (Chrono Boost)  
  15  0:38  Gateway  
  16  0:47  Probe (Chrono Boost)  
  17  0:51  Assimilator  
  17  0:58  Probe (Chrono Boost)  
  18  1:08  Probe (Chrono Boost)  
  19  1:20  Nexus  
  19  1:30  Cybernetics Core  
  19  1:31  Probe (Chrono Boost)  
  20  1:39  Pylon  
  20  1:42  Probe (Chrono Boost)  
  21  1:49  Assimilator  
  21  1:52  Probe (Chrono Boost)  
  22  2:03  Probe (Chrono Boost)  
  23  2:14  Mothership Core (Chrono Boost)  
  25  2:18  Adept  
  27  2:27  Warp Gate  
  27  2:35  Probe (Chrono Boost)  
  27  2:36  Probe (Chrono Boost)  
  29  2:45  Probe (Chrono Boost), Forge  
  30  2:53  Robotics Facility  
  30  2:59  Probe x2 (Chrono Boost), Pylon  
  32  3:09  Probe x2 (Chrono Boost)  
  34  3:18  Photon Cannon  
  35  3:20  Probe x2 (Chrono Boost)  
  35  3:21  Protoss Ground Armor Level 1  
  36  3:29  Adept  
  36  3:31  Probe x2 (Chrono Boost)  
  40  3:40  Warp Prism  
  42  3:41  Probe (Chrono Boost)  
  42  3:42  Probe (Chrono Boost)  
  44  3:52  Probe (Chrono Boost)  
  45  4:01  Nexus  
  45  4:06  Probe x2 (Chrono Boost)  
  47  4:13  Gateway  
  47  4:18  Gateway  
  47  4:26  Probe x2 (Chrono Boost)  
  47  4:27  Immortal  
  53  4:36  Probe (Chrono Boost)  
  53  4:38  Pylon  
  54  4:43  Assimilator x2  
  54  4:53  Pylon  
  54  4:54  Pylon  
  54  4:56  Probe x2 (Chrono Boost)  
  56  5:02  Pylon  
  56  5:06  Probe x2 (Chrono Boost)  
  58  5:17  Probe x2 (Chrono Boost)  
  58  5:20  Adept x2, Pylon  
  64  5:22  Probe (Chrono Boost)  
  64  5:26  Observer  
  64  5:27  Probe (Chrono Boost)  
  67  5:29  Sentry  
  69  5:38  Probe x2, Protoss Ground Weapons Level 1  
  69  5:40  Probe  
  69  5:41  Gateway  
  72  5:45  Pylon  
  72  5:50  Probe  
  73  6:12  Probe x3  
  73  6:15  Robotics Bay  
  75  6:21  Zealot x3  
  75  6:24  Immortal (Chrono Boost)  
  70  6:39  Pylon  
  70  6:40  Zealot x2  
  68  6:55  Cybernetics Core  
  68  7:02  Disruptor (Chrono Boost)  
  68  7:04  Zealot x2  
  69  7:22  Probe  
  66  7:23  Probe x2  
  69  7:32  Probe  
  69  7:35  Probe x2, Observer (Chrono Boost)  
  73  7:43  Probe  
  73  7:47  Probe  
  75  7:52  Gateway x2  
  75  7:57  Probe, Twilight Council  
  76  7:58  Probe  
  76  7:59  Probe  
  76  8:00  Photon Cannon  
  76  8:02  Observer (Chrono Boost)  
  78  8:09  Stalker x2  
  78  8:12  Mothership Core  
  84  8:16  Pylon  
  84  8:19  Probe  
  84  8:21  Probe  
  86  8:30  Probe  
  86  8:33  Probe x2  
  92  8:40  Zealot x2  
Tags
 
Add a new tag
Caveats
  • Supply blocks, unpowered buildings, or Contaminate may cause inaccurate times.
  • Supply counts are checked every 10 seconds.